 Dungeon Crawl Stone Soup version 0.23.2-1-ga50397a (webtiles) character file.

Game seed: 3307581243755101023

392 diana the Twirler (level 6, -1/44 HPs)
             Began as a Demonspawn Gladiator on May 21, 2019.
             Slain by Pikel
             ... wielding a +0 whip of flaming
              (8 damage)
             ... on level 3 of the Dungeon.
             The game lasted 00:02:40 (2489 turns).

diana the Twirler (Demonspawn Gladiator)            Turns: 2489, Time: 00:02:41

Health: -1/44      AC:  5    Str: 16    XL:     6   Next: 51%
Magic:  6/6        EV: 12    Int: 10    God:
Gold:   125        SH:  0    Dex: 14    Spells: 5/5 levels left

rFire    . . .     SeeInvis .   a - +0 quarterstaff
rCold    . . .     Gourm    .   (shield currently unavailable)
rNeg     . . .     Faith    +   b - +0 leather armour
rPois    +         Spirit   .   (helmet restricted)
rElec    .         Reflect  .   (no cloak)
rCorr    .         Harm     .   (no gloves)
MR       .....                  (no boots)
Stlth    +.........             e - amulet of faith
HPRegen  0.14/turn              r - ring of poison resistance
MPRegen  0.10/turn              (no ring)

@: no status effects
A: horns 1, molten scales 1, demonic guardian 1, spiny 1
a: no special abilities


You were on level 3 of the Dungeon.
You were hungry.

You visited 1 branch of the dungeon, and saw 4 of its levels.

You collected 125 gold pieces.

Inventory:

Hand Weapons
 a - a +0 quarterstaff (weapon)
Missiles
 d - 2 throwing nets (quivered)
Armour
 b - a +0 leather armour (worn)
 c - a +0 helmet
Jewellery
 e - an amulet of faith (around neck)
 m - an uncursed amulet of the acrobat
 r - a ring of poison resistance (left hand)
Scrolls
 g - 2 scrolls of identify {unknown}
 h - 2 scrolls of fog {unknown}
 i - 3 scrolls of remove curse
 n - 2 scrolls of amnesia {unknown}
 o - 2 scrolls of fear {unknown}
 s - a scroll of teleportation {unknown}
Potions
 j - a potion of brilliance {unknown}
 k - a potion of flight {unknown}
 l - 3 potions of curing
 p - a potion of might {unknown}
 q - a potion of haste {unknown}
Comestibles
 f - 6 rations
 t - 3 chunks of flesh


   Skills:
 - Level 2.0 Fighting
 + Level 6.8 Staves
 - Level 1.7 Throwing
 - Level 2.6 Dodging


You had 5 spell levels left.
You didn't know any spells.
Your spell library was empty.

Dungeon Overview and Level Annotations

Branches:
Dungeon (4/15)
 Temple: D:4-7

Altars:

Annotations:
D:3 Pikel


Innate Abilities, Weirdness & Mutations

You have a pair of small horns on your head.
You are partially covered in molten scales. (AC +2)
A weak demonic guardian rushes to your aid.
You are partially covered in sharp spines.


Message History

Your ufetubus hits Pikel but does no damage.
Your ufetubus barely misses Pikel.
Pikel barely misses your ufetubus.
Your ufetubus closely misses Pikel.
Your ufetubus barely misses Pikel.
Pikel says, "Slavery isn't that bad."
Pikel hits your ufetubus with a +0 whip of flaming!
Pikel burns your ufetubus.
Your ufetubus dies!
Unknown command.
You see here a hunting sling.
Pikel says, "You'll fetch a fair price!"
You closely miss Pikel.
Pikel is severely wounded.
Pikel hits you with a +0 whip of flaming.
* * * LOW HITPOINT WARNING * * *
Pikel burns you.
* * * LOW HITPOINT WARNING * * *
You hit Pikel.
Pikel is severely wounded.
Pikel hits you with a +0 whip of flaming!
You die...

#.# ##.....##.##.....#.#
#.# ##...#####.#####.#...
#.###.....## #.# #....##
#..........# #.# #..#.#
#####......###(####..#.##
##.).#.##.(..........
##.##.##..##....<.#.
#.##.##(.##.#.#....
#.@K.>.............
####.######.#.#.###
#............#
##############


You could see Pikel.

Vanquished Creatures
  Sigmund (D:3)
  An orc priest (D:2)
  An orc wizard (D:2)
  A worker ant (D:3)
  2 adders
  2 gnolls (D:3)
  An ooze (D:2)
  2 dart slugs
  5 leopard geckos
  5 orcs (D:2)
  A ball python (D:3)
  17 giant cockroaches
  6 goblins
  11 hobgoblins
  8 jackals (D:2)
  2 quokkas (D:2)
  4 bats
  2 frilled lizards (D:3)
  9 kobolds
  8 rats
89 creatures vanquished.

Vanquished Creatures (collateral kills)
  A gnoll (D:3)
1 creature vanquished.

Grand Total: 90 creatures vanquished

Notes
Turn   | Place    | Note
-------+----------+-------------------------------------------
     0 | D:1      | diana the Demonspawn Gladiator began the quest for the Orb.
     0 | D:1      | Reached XP level 1. HP: 16/16 MP: 1/1
    17 | D:1      | Reached skill level 3 in Staves
    70 | D:1      | Gained mutation: You are partially covered in sharp spines.
                  | [demonic ancestry]
    70 | D:1      | Reached XP level 2. HP: 17/22 MP: 2/2
   585 | D:2      | Gained mutation: You have a pair of small horns on your
                  | head. [demonic ancestry]
   585 | D:2      | Reached XP level 3. HP: 25/27 MP: 3/3
   630 | D:2      | Reached skill level 4 in Staves
   720 | D:2      | HP: 1/27 [orc/+0 dagger (2)]
   722 | D:2      | Reached XP level 4. HP: 15/33 MP: 4/4
  1009 | D:2      | Reached skill level 5 in Staves
  1010 | D:2      | Gained mutation: A weak demonic guardian rushes to your
                  | aid. [demonic ancestry]
  1010 | D:2      | Reached XP level 5. HP: 28/38 MP: 5/5
  1740 | D:3      | Noticed Sigmund
  1753 | D:3      | Killed Sigmund
  1753 | D:3      | Reached skill level 6 in Staves
  1753 | D:3      | Gained mutation: You are partially covered in molten
                  | scales. (AC +2) [demonic ancestry]
  1753 | D:3      | Reached XP level 6. HP: 14/44 MP: 6/6
  2434 | D:4      | Noticed a slave
  2435 | D:4      | Noticed a slave
  2435 | D:4      | Noticed Pikel
  2436 | D:4      | Noticed a slave
  2436 | D:4      | Noticed a slave
  2489 | D:3      | Slain by Pikel

Skill      XL: |  1  2  3  4  5 |
---------------+----------------+-----
Staves         | 3 4 5 6 |  6.8
Fighting       | |  2.0
Throwing       | |  1.7
Dodging        | |  2.6

Action                   |  1- 3 |  4- 6 || total
-------------------------+-------+-------++-------
Melee: Quarterstaff      |    71 |   101 ||   172
       Headbutt          |     4 |    18 ||    22
Throw: Throwing net      |       |     1 ||     1
  Use: Potion            |     1 |       ||     1
       Scroll            |       |     1 ||     1
 Stab: Held in net/web   |       |     2 ||     2
  Eat: Ration            |       |     1 ||     1
       Chunk             |       |     1 ||     1
Armor: Leather armour    |    14 |    13 ||    27
Dodge: Dodged            |    54 |    51 ||   105
